 Dungeon Crawl Stone Soup version 0.19.5 (webtiles) character file.

1746 BunnyWarlock the Poker (level 9, 0/78 HPs)
             Began as a Hill Orc Berserker on Mar 25, 2017.
             Was a Priest of Trog.
             Succumbed to a killer bee's poison
             ... on level 7 of the Dungeon on Mar 26, 2017.
             The game lasted 00:49:23 (6525 turns).

BunnyWarlock the Poker (Hill Orc Berserker)         Turns: 6525, Time: 00:49:23

Health: 0/78       AC: 12    Str: 22    XL:     9   Next: 6%
Magic:  9/9        EV: 11    Int:  7    God:    Trog [***...]
Gold:   219        SH:  0    Dex: 11    Spells: 0 memorised, 8 levels left

rFire  + . .     SeeInvis .     h - +0 broad axe
rCold  . . .     Gourm    .     Y - +2 scale mail {rF+}
rNeg   . . .     Faith    .     (no shield)
rPois  .         Spirit   .     R - +0 helmet
rElec  .         Reflect  .     l - +0 cloak
rCorr  .         Harm     .     (no gloves)
MR     .....                    (no boots)
Stlth  ..........               (no amulet)
                                (no ring)
                                (no ring)

@: lethally poisoned (0 -> -31), exhausted, slowed, very slow
A: no striking features
a: Berserk, Trog's Hand, Burn Spellbooks, Renounce Religion


You were on level 7 of the Dungeon.
You worshipped Trog.
Trog was most pleased with you.
You were very hungry.

You visited 2 branches of the dungeon, and saw 8 of its levels.
You also visited: Sewer.

You collected 336 gold pieces.
You spent 117 gold pieces at shops.

Inventory:

Hand Weapons
 b - a +0 shortbow
 h - a +0 broad axe (weapon)
 y - a +0 falchion
 A - a +1 dagger of draining
 J - a +0 mace
 M - a +2 shortbow of freezing
 T - the +8 spear "Neff" {antimagic, rN+++ MR+ Str-5 SInv}
   (You found it on level 4 of the Dungeon)

   It reduces the magical energy of the wielder, and disrupts the spells and
   magical abilities of those hit.
   Natural abilities and divine invocations are not affected.
   It affects your strength (-5).
   It renders you almost immune to negative energy.
   It affects your resistance to hostile enchantments.
   It lets you see invisible.
 V - a +2 vampiric whip
 W - a +1 short sword of flaming
 X - a +2 flail of protection
Missiles
 g - 11 tomahawks
 z - 5 tomahawks of returning (quivered)
 N - 78 arrows
Armour
 l - a +0 cloak (worn)
 t - a +0 plate armour
 x - a cursed +0 chain mail
 R - a +0 helmet (worn)
 Y - a +2 scale mail of fire resistance (worn)
Magical Staves
 S - an uncursed staff of air {unknown}
Wands
 f - a wand of polymorph (20/24)
 E - a wand of flame (22/48)
 I - a wand of digging (12/24)
Scrolls
 d - 3 scrolls of magic mapping
 e - 3 scrolls of noise
 j - 2 scrolls of amnesia {unknown}
 k - 4 scrolls of remove curse {unknown}
 p - 2 scrolls of identify
 C - a scroll of holy word {unknown}
 F - a scroll of fog {unknown}
 G - a scroll of fear {unknown}
 H - a scroll of random uselessness {unknown}
 P - 3 scrolls of teleportation {unknown}
 Q - 2 scrolls of immolation
Potions
 i - 2 potions of berserk rage
 m - a potion of brilliance {unknown}
 n - 4 potions of might
 o - a potion of haste {unknown}
 q - a potion of mutation {unknown}
 r - 2 potions of ambrosia {unknown}
 u - 2 potions of agility
 w - 2 potions of degeneration {unknown}
 B - a potion of lignification {unknown}
 D - 6 potions of curing
 K - a potion of magic {unknown}
 L - a potion of flight {unknown}
 O - a potion of heal wounds {unknown}
Comestibles
 a - a beef jerky
 c - 3 bread rations
 v - 3 meat rations
 U - 3 fruits


   Skills:
 + Level 6.6 Fighting
 + Level 0.2 Long Blades
 + Level 2.0(7.0) Axes
 + Level 3.9(4.1) Maces & Flails
 + Level 7.9(8.0) Polearms
 + Level 0.8 Bows
 + Level 1.9 Throwing
 + Level 6.3 Armour
 + Level 2.4 Dodging
 + Level 0.8 Stealth


You had 8 spell levels left.
You didn't know any spells.

Dungeon Overview and Level Annotations

Branches:
Dungeon (7/15)             Temple (1/1) D:5

Altars:
Ashenzari
Dithmenos
Elyvilon
Fedhas
Gozag
Kikubaaqudgha
Makhleb
Nemelex Xobeh
Okawaru
Qazlal
Ru
Sif Muna
Trog
Vehumet
Xom
Yredelemnul
Zin
The Shining One

Shops:
D:4 [


Message History

The killer bee stings you but does no damage.
The killer bee stings you.
* * * LOW HITPOINT WARNING * * *
You are more poisoned.
The killer bee poisons you!
The worker ant zombie bites you but does no damage.
That item cannot be evoked!
Zapping:
I - a wand of digging (will waste charges)
Press: ? - help, Shift-Dir - straight line The rock shatters into small pieces.
Evoking this partially-identified wand wasted a few charges.
* * * LOW HITPOINT WARNING * * *
You feel very sick.
The killer bee stings you but does no damage. x2
The worker ant zombie bites you but does no damage.
The killer bee stings you but does no damage.
The worker ant zombie bites you.
* * * LOW HITPOINT WARNING * * *
Unknown command.
You die...

#.# ### #.# ..# #.#
#.# #.# #.# #.# #.#
#.#
######.###Z######.#
$#.......yy.@......#
...^###.##########.#
..y.y##)# ........#
.%...##.# #... #.###
##. #...# .. #.#.# #
#.#.#


You could see 2 killer bees and a worker ant zombie (inner flame).

Vanquished Creatures
  Pikel (D:4)
  Edmund (D:5)
  An ice beast (D:7)
  2 ogres
  A centaur (D:5)
  Blork the orc (D:5)
  The ghost of Amon001 the Sneak, an amateur SpEn (D:3)
  A scorpion (D:5)
  2 killer bees (D:7)
  A howler monkey (D:4)
  3 orc wizards
  Crazy Yiuf (D:3)
  A hound (D:4)
  Ijyb (D:4)
  2 iguanas
  3 worker ants
  13 adders
  An adder skeleton (D:6)
  3 worms
  3 dart slugs
  2 leopard geckos
  14 orcs
  4 giant cockroaches
  7 hobgoblins
  10 jackals
  3 quokkas
  4 ball pythons
  10 bats
  8 frilled lizards
  13 goblins
  10 kobolds
  10 rats
  2 fungi (D:3)
  3 plants (Sewer)
143 creatures vanquished.

Vanquished Creatures (others)
  A leopard gecko (D:4)
1 creature vanquished.

Grand Total: 144 creatures vanquished

Notes
Turn   | Place    | Note
-------+----------+-------------------------------------------
     0 | D:1      | BunnyWarlock the Hill Orc Berserker began the quest for the Orb.
     0 | D:1      | Reached XP level 1. HP: 19/19 MP: 1/1
   211 | D:1      | Reached XP level 2. HP: 17/27 MP: 2/2
   379 | D:1      | Reached ** piety under Trog
   388 | D:1      | Reached skill level 4 in Polearms
   388 | D:1      | Reached XP level 3. HP: 29/33 MP: 3/3
   630 | D:2      | Found a basalt altar of Yredelemnul.
   722 | D:2      | Found a white marble altar of Elyvilon.
   970 | D:2      | Reached XP level 4. HP: 23/40 MP: 4/4
  1114 | D:2      | Found a shattered altar of Ashenzari.
  1228 | D:2      | Found a shadowy altar of Dithmenos.
  1484 | D:3      | Found an ancient bone altar of Kikubaaqudgha.
  1520 | D:3      | Reached XP level 5. HP: 46/46 MP: 5/5
  1564 | D:3      | Noticed Amon001's ghost (amateur SpEn)
  1589 | D:3      | Killed Amon001's ghost
  1589 | D:3      | Reached skill level 5 in Polearms
  1919 | D:3      | Reached *** piety under Trog
  2241 | D:3      | Found a runed door.
  2245 | D:3      | Noticed Crazy Yiuf
  2249 | D:3      | Killed Crazy Yiuf
  2249 | D:3      | Reached XP level 6. HP: 53/53 MP: 6/6
  2579 | D:4      | Reached skill level 1 in Maces & Flails
  2822 | D:4      | Found Itubb's Antique Armour Boutique.
  2825 | D:4      | Bought a helmet for 117 gold pieces
  2876 | D:4      | Got a scorched spear
  2877 | D:4      | Identified the +8 spear "Neff" {antimagic, rN+++ MR+ Str-5 SInv} (You found it on level 4 of the Dungeon)
  3014 | D:4      | Noticed Ijyb
  3027 | D:4      | Killed Ijyb
  3097 | D:4      | Reached XP level 7. HP: 53/60 MP: 2/7
  3107 | D:4      | Found a glowing drain.
  3110 | D:4      | Reached skill level 5 in Fighting
  3118 | Sewer    | Entered a sewer
  3976 | D:4      | Noticed Pikel
  3991 | D:4      | Killed Pikel
  3991 | D:4      | Reached skill level 6 in Polearms
  3991 | D:4      | Reached skill level 1 in Throwing
  3991 | D:4      | Reached skill level 5 in Armour
  3991 | D:4      | Reached XP level 8. HP: 70/70 MP: 2/8
  4252 | D:5      | Entered Level 5 of the Dungeon
  4282 | D:5      | Found an opulent altar of Gozag.
  4493 | D:5      | Found a staircase to the Ecumenical Temple.
  4502 | Temple   | Entered the Ecumenical Temple
  4744 | D:5      | Noticed Edmund
  4759 | D:5      | Killed Edmund
  4759 | D:5      | Reached skill level 7 in Polearms
  5431 | D:5      | Noticed Blork the orc
  5444 | D:5      | Killed Blork the orc
  6183 | D:6      | Found a glowing silver altar of Zin.
  6480 | D:7      | Reached XP level 9. HP: 78/78 MP: 9/9
  6501 | D:7      | Reached skill level 1 in Axes
  6524 | D:7      | HP: 3/78 [worker ant zombie (3)]
  6525 | D:7      | Succumbed to a killer bee's poison

Skill      XL: |  1  2  3  4  5  6  7  8  9 |
---------------+----------------------------+-----
Fighting       | 4 5 6 |  6.6
Polearms       | 4 5 6 7 |  7.9
Dodging        | 2 |  2.4
Armour         | 3 4 5 6 |  6.3
Maces & Flails | 2 3 |  3.9
Throwing       | 1 |  1.9
Axes           | 2 |  2.0
Long Blades    | |  0.2
Bows           | |  0.8
Stealth        | |  0.8

Action                   |  1- 3 |  4- 6 |  7- 9 || total
-------------------------+-------+-------+-------++-------
Melee: Spear             |   132 |   127 |   201 ||   460
       Flail             |       |    95 |       ||    95
       Falchion          |       |     7 |       ||     7
       Broad axe         |       |       |    70 ||    70
 Fire: Shortbow          |       |       |     5 ||     5
Throw: Tomahawk          |       |     9 |    10 ||    19
Invok: Berserk           |     2 |     4 |     4 ||    10
Evoke: Wand              |       |       |     1 ||     1
  Use: Scroll            |     1 |     4 |     7 ||    12
 Stab: Sleeping          |     1 |       |       ||     1
  Eat: Chunk             |     2 |    11 |     8 ||    21
       Meat ration       |       |       |     1 ||     1
       Fruit             |       |       |     1 ||     1
Armor: Animal skin       |     9 |       |       ||     9
       Leather armour    |    18 |       |       ||    18
       Plate armour      |    16 |   160 |    31 ||   207
       Scale mail        |       |       |    64 ||    64
Dodge: Dodged            |    81 |    64 |    84 ||   229
